 Dungeon Crawl Stone Soup version 0.28-a0-796-gd4f0d3f9b2 (webtiles) character file.

Game seed: 6302115288844825039

0 Gargoyl the Skirmisher (level 1, 23/23 HPs)
             Began as a Gnoll Abyssal Knight on Nov 6, 2021.
             Was a Follower of Lugonu.
             Quit the game on level 2 of the Abyss.
             The game lasted 00:01:29 (2128 turns).

Gargoyl the Skirmisher (Gnoll Abyssal Knight)       Turns: 2128, Time: 00:01:30

Health: 23/23      AC:  3    Str: 12    XL:     1   Next: 0%
Magic:  3/3        EV: 12    Int:  9    God:    Lugonu [*.....]
Gold:   0          SH:  0    Dex: 12    Spells: 0/0 levels left

rFire   . . .      SeeInvis .   a - +1 hand axe
rCold   . . .      Faith    .   (no shield)
rNeg    . . .      Spirit   .   b - +0 leather armour
rPois   .          Reflect  .   (no helmet)
rElec   .          Harm     .   (no cloak)
rCorr   .          Rampage  .   (no gloves)
Will    .....                   (no boots)
Stlth   +.........              (no amulet)
HPRegen 0.07/turn               (no ring)
MPRegen 0.08/turn               (no ring)

@: no status effects
A: fangs 1, strong nose, distributed training
a: Renounce Religion, Depart the Abyss


You were on level 2 of the Abyss.
You worshipped Lugonu.
Lugonu was aware of your devotion.
You visited 0 branches of the dungeon, and saw 0 of its levels.
You visited the Abyss 1 time.

Inventory:

Hand Weapons
 a - a +1 hand axe (weapon)
Armour
 b - a +0 leather armour (worn)


   Skills:
 + Level 6.4 Fighting
 + Level 0.0 Short Blades
 + Level 0.0 Long Blades
 + Level 4.4 Axes
 + Level 0.0 Maces & Flails
 + Level 0.0 Polearms
 + Level 0.0 Staves
 + Level 0.0 Slings
 + Level 0.0 Bows
 + Level 0.0 Crossbows
 + Level 0.0 Throwing
 + Level 4.4 Armour
 + Level 2.3 Dodging
 + Level 0.0 Stealth
 + Level 0.0 Shields
 + Level 0.0 Unarmed Combat
 + Level 0.0 Spellcasting
 + Level 0.0 Conjurations
 + Level 0.0 Hexes
 + Level 0.0 Summonings
 + Level 0.0 Necromancy
 + Level 0.0 Translocations
 + Level 0.0 Transmutations
 + Level 0.0 Fire Magic
 + Level 0.0 Ice Magic
 + Level 0.0 Air Magic
 + Level 0.0 Earth Magic
 + Level 0.0 Poison Magic
 + Level 4.4 Invocations
 + Level 0.0 Evocations


You couldn't memorise any spells.
You didn't know any spells.
Your spell library was empty.

Dungeon Overview and Level Annotations

Branches:
Dungeon (0/15)

Altars:


Innate Abilities, Weirdness & Mutations

You have very sharp teeth.
Your uncanny sense of smell can sniff out nearby items.
Your experience applies equally to all skills.


Message History

Done waiting.
You start waiting.
Done waiting.
Welcome back, Gargoyl the Gnoll Abyssal Knight.
Lugonu says: Spread carnage and corruption!
Press ? for a list of commands and other information.
You start waiting.
Done waiting.
Done exploring.
You start waiting.
Done waiting.
You start waiting.
Done waiting.
You start waiting.
Done waiting.
You start waiting.
Done waiting.
You start waiting.
Done waiting.
You start waiting.
Done waiting.
You start waiting.
Done waiting.
You start waiting.
Done waiting.
You start waiting.
Done waiting.
You start waiting.
Done waiting.
You start waiting.
You start waiting.
Done waiting.
You start waiting.
You start waiting.
Done waiting.
You start waiting.
Done waiting.
You start waiting.
Done waiting.
Are you sure you want to abandon this character and quit the game? (Confirm with "yes".) ∆ ∆ ### #@#∆ ###

There were no monsters in sight!

Vanquished Creatures (others)
  3 large abominations (Abyss:2)
  A blink frog (Abyss:2)
  16 small abominations (Abyss:2)
  A jelly (Abyss:2)
  5 lurking horrors (Abyss:2)
26 creatures vanquished.

Notes
Turn   | Place    | Note
-------+----------+-------------------------------------------
     0 | Abyss:1  | Gargoyl the Gnoll Abyssal Knight began the quest for the
                  | Orb.
     0 | Abyss:1  | Reached XP level 1. HP: 23/23 MP: 3/3
   692 | Abyss:2  | Killed a small abomination
  1000 | Abyss:2  | Killed a small abomination
  1096 | Abyss:2  | Killed a small abomination
  1353 | Abyss:2  | Killed a small abomination
  1494 | Abyss:2  | Killed a small abomination
  1510 | Abyss:2  | Killed a blink frog
  1535 | Abyss:2  | Killed a small abomination
  1635 | Abyss:2  | Killed a small abomination
  1668 | Abyss:2  | Killed a small abomination
  1739 | Abyss:2  | Killed a small abomination
  1773 | Abyss:2  | Killed a small abomination
  1776 | Abyss:2  | Killed a large abomination
  1793 | Abyss:2  | Killed a small abomination
  1800 | Abyss:2  | Killed a large abomination
  1812 | Abyss:2  | Killed a small abomination
  1839 | Abyss:2  | Killed a small abomination
  1866 | Abyss:2  | Killed a large abomination
  1925 | Abyss:2  | Killed a small abomination
  1931 | Abyss:2  | Killed a small abomination
  2034 | Abyss:2  | Killed a small abomination
  2088 | Abyss:2  | Killed a jelly
  2128 | Abyss:2  | Quit the game

Illustrated notes

Levels and vault maps discovered:
Abyss:2:  base: Temple, hangedman_abyss_stitches_cave, base:
Temple

Table legend: (Time is in decaauts)
 A = Elapsed time spent in this place.
 B = Non-inter-level travel time spent in this place.
 C = Inter-level travel time spent in this place.
 D = Time resting spent in this place.
 E = Time spent auto-exploring this place.
 F = Levels seen in this place.
 G = Mean time per level.
                   A        B        C        D        E       F      G
               +--------+--------+--------+--------+--------+-----+--------+
         Total |   2127 |   2127 |      0 |   2060 |     58 |   2 | 1063.5 |
         Abyss |   2127 |   2127 |      0 |   2060 |     58 |   2 | 1063.5 |
               +--------+--------+--------+--------+--------+-----+--------+

Top non-repeatable levels by time:
 Abyss:2: 2060 daAuts
 Abyss:1: 67 daAuts
